 Dungeon Crawl Stone Soup version 0.31-a0-232-gb1c03b2570 (webtiles) character file.

Game seed: 10417586074366865953

606 qw the Shooter (level 7, -3/43 HPs)
             Began as a Gargoyle Hexslinger on July 6, 2023.
             Slain by a gnoll bouda
             ... wielding a +0 club
              (4 damage)
             ... on level 5 of the Dungeon.
             The game lasted 00:01:49 (4293 turns).

qw the Shooter (Gargoyle Hexslinger)                Turns: 4293, Time: 00:01:50

Health: -3/43      AC: 13    Str: 12    XL:     7   Next: 42%
Magic:  8/8        EV: 10    Int: 16    God:
Gold:   161        SH:  0    Dex: 14    Spells: 7/8 levels left

rFire   . . .        Y - +2 sling
rCold   . . .        (no shield)
rNeg    + . .        d - +0 ring mail
rPois   inf          i - +0 helmet
rElec   +            (no cloak)
rCorr   .            (no gloves)
SInv    +            p - +1 pair of boots of Activism {Will+ Int+3}
Will    +....        (no amulet)
Stlth   +            o - ring of see invisible
HPRegen 0.27/turn    (no ring)
MPRegen 0.11/turn

%: no passive effects
@: about to teleport, weakened
A: sickness immunity, AC +4, negative energy resistance 1, electricity
resistance, torment resistance 1, petrification resistance
a: no special abilities


You were on level 5 of the Dungeon.
You visited 1 branch of the dungeon, and saw 5 of its levels.

You collected 161 gold pieces.


Innate Abilities, Weirdness & Mutations

You are immune to sickness and miasma.
Your stone body is resilient. (AC +4)
You are immune to poison.
You resist negative energy. (rN+)
You are resistant to electric shocks. (rElec)
You are resistant to unholy torment.
You are immune to petrification.


   Skills:
 - Level 4.0 Fighting
 - Level 7.0 Ranged Weapons
 + Level 1.2 Armour
 - Level 1.5 Dodging
 - Level 1.0 Spellcasting
 - Level 2.6 Hexes


You had 7 spell levels left.
You knew the following spells:

 Your Spells              Type           Power      Damage    Failure   Level
a - Slow                  Hex            36%        N/A       17%         1

Your spell library contained the following spells:

 Spells                   Type           Power      Damage    Failure   Level
 Inner Flame              Hex/Fire       5%         N/A       65%         3
 Portal Projectile        Hex/Tloc       10%        N/A       65%         3
 Cause Fear               Hex            4%         N/A       86%         4

Inventory:

Hand Weapons
 Y - a +2 sling (weapon)
Armour
 d - a +0 ring mail (worn)
 i - a +0 helmet (worn)
 p - the +1 pair of boots of Activism (worn) {Will+ Int+3}
   (You found it on level 4 of the Dungeon)

   Int:       It affects your intelligence (+3).
   Will:      It increases your willpower.
Jewellery
 o - a ring of see invisible (left hand)
Scrolls
 b - a scroll of identify
 e - 3 scrolls of teleportation
Potions
 c - 2 potions of enlightenment
 f - a potion of experience {unknown}
 g - a potion of mutation {unknown}
 h - a potion of curing
 j - a potion of heal wounds
 k - a potion of cancellation {unknown}
 m - a potion of lignification {unknown}
 q - a potion of haste

Dungeon Overview and Level Annotations

Branches:
Dungeon (5/15)
 Temple: D:4-7

Altars:
Cheibriados
Dithmenos
Fedhas
Gozag
Uskayaw
Yredelemnul

Annotations:
D:3 3 runed translucent doors, qw's ghost, amateur GrHs
D:5 Grinder


Message History

The gnoll bouda is lightly wounded.
The gnoll bouda hits you with a +0 club.
You shoot a sling bullet. The sling bullet hits Grinder.
Grinder is severely wounded.
Grinder says, "FISH!"
Grinder hits you!
The gnoll bouda hits you with a +0 club.
You shoot a sling bullet.
The sling bullet closely misses Grinder.
Your attacks no longer feel as feeble.
Grinder hits you but does no damage.
The gnoll bouda hits you with a +0 club.
You shoot a sling bullet.
The sling bullet hits Grinder but does no damage.
Grinder is severely wounded.
Grinder gestures at you. You resist with almost no effort.
The gnoll bouda gazes fiercely through you!
You feel your attacks grow feeble. The gnoll bouda completely misses you.
Grinder hits you but does no damage.
The gnoll bouda hits you with a +0 club.
You shoot a sling bullet. The sling bullet hits Grinder!
Grinder is almost dead.
Grinder gestures at you. Pain shoots through your body!
The gnoll bouda hits you but does no damage.
You shoot a sling bullet.
The sling bullet closely misses Grinder.
Grinder drinks a potion.
Grinder is healed!
The gnoll bouda barely misses you.
You shoot a sling bullet. The sling bullet hits Grinder.
Grinder is heavily wounded.
Grinder zaps a wand.
The puff of flame hits you but does no damage.
The gnoll bouda hits you with a +0 club.
4293 ||| READING 4 scrolls of teleportation.
As you read the scroll of teleportation, it crumbles to dust.
You feel strangely unstable. Grinder hits you!
The gnoll bouda hits you with a +0 club.
You die...

##+# ##...##
##.....##
##.......## .##
#.........####.....
+.........5@ggg....
#.........####...#.
#.......## ##
##.....## ##...##
##'## #.# #####.###
#.......########


You could see Grinder, a gnoll bouda and 2 gnolls.

Vanquished Creatures
  An ogre (D:5)
  3 scorpions
  2 jellies
  An orc priest (D:4)
  An orc wizard (D:3)
  Robin (D:3)
  10 adders
  A river rat (D:3)
  An ufetubus (D:4)
  4 worms
  3 dart slugs
  12 orcs
  7 ball pythons
  10 endoplasms
  2 giant cockroaches
  10 goblins
  12 hobgoblins
  5 kobolds
  4 quokkas
  5 bats
  2 frilled lizards (D:2)
  3 rats
100 creatures vanquished.

Notes
Turn   | Place    | Note
-------+----------+-------------------------------------------
     0 | D:1      | qw the Gargoyle Hexslinger began the quest for the Orb.
     0 | D:1      | Reached XP level 1. HP: 12/12 MP: 2/2
     0 | D:1      | 0 ||| qw: Version: 0.3-a-46-gb1f654a
     0 | D:1      | 0 ||| qw: Game counter: 2068
     0 | D:1      | 0 ||| qw: Melee chars always use a shield: true
     0 | D:1      | 0 ||| qw: God list: Okawaru
     0 | D:1      | 0 ||| qw: Allow faded altars: false
     0 | D:1      | 0 ||| qw: Do Orc after clearing Dungeon:15 true
     0 | D:1      | 0 ||| qw: Do second Lair branch before Depths: true
     0 | D:1      | 0 ||| qw: Lair rune preference: random
     0 | D:1      | 0 ||| qw: Goals: Normal
     0 | D:1      | 0 ||| PLANNING D:1-11
   210 | D:1      | Reached XP level 2. HP: 15/16 MP: 3/3
   519 | D:1      | Reached skill level 3 in Ranged Weapons
   899 | D:1      | Found a faded altar of an unknown god.
   906 | D:1      | 906 ||| UPGRADING to +0 ring mail.
   916 | D:1      | 916 ||| DROPPING +0 robe.
   917 | D:1      | 917 ||| UPGRADING to +0 helmet.
   922 | D:1      | 922 ||| READING 2 scrolls labelled WACIYPS IRUL.
   923 | D:1      | 923 ||| READING scroll labelled SUGESELUKA.
   924 | D:1      | 924 ||| DROPPING scroll of revelation.
   925 | D:1      | 925 ||| DROPPING scroll of poison.
  1014 | D:2      | Reached XP level 3. HP: 14/21 MP: 4/4
  1131 | D:2      | Reached skill level 1 in Armour
  1356 | D:2      | Reached XP level 4. HP: 26/26 MP: 5/5
  1583 | D:2      | Found a hide-covered altar of Uskayaw.
  1641 | D:2      | 1641 ||| READING 2 scrolls of identify.
  1641 | D:2      | 1641 ||| IDENTIFYING emerald potion
  1642 | D:2      | 1642 ||| DROPPING potion of magic.
  1663 | D:3      | 1663 ||| PLANNING SEWER
  1680 | D:3      | Found a snail-covered altar of Cheibriados.
  1682 | D:3      | Found a blossoming altar of Fedhas.
  1684 | D:3      | Found an opulent altar of Gozag.
  1689 | D:3      | Found a shadowy altar of Dithmenos.
  1689 | D:3      | Found a basalt altar of Yredelemnul.
  1745 | D:3      | Reached skill level 4 in Ranged Weapons
  1917 | D:3      | Found a runed translucent gate.
  2015 | D:3      | Reached XP level 5. HP: 27/30 MP: 6/6
  2279 | D:3      | Noticed Robin
  2319 | D:3      | Killed Robin
  2390 | D:3      | 2390 ||| RIP SEWER
  2397 | D:3      | 2397 ||| PLANNING D:1-11
  2412 | D:3      | Reached skill level 5 in Ranged Weapons
  2604 | D:3      | Found a runed translucent gate.
  2604 | D:3      | Identified the +0 leather armour of Bibiad {rC+ MP+9
                  | Stlth+}
  2605 | D:3      | Found a runed translucent gate.
  2606 | D:3      | Noticed qw's ghost (amateur GrHs)
  2606 | D:3      | You fall into a shaft and drop 1 floor!
  2736 | D:4      | Reached skill level 3 in Fighting
  2751 | D:4      | Reached XP level 6. HP: 33/37 MP: 7/7
  2811 | D:4      | Identified the +1 pair of boots of Activism {Will+ Int+3}
  2992 | D:4      | 2992 ||| UPGRADING to +1 pair of boots of Activism {Will+
                  | Int+3}.
  2997 | D:4      | 2997 ||| UPGRADING to ring of see invisible.
  2998 | D:4      | 2998 ||| READING 2 scrolls labelled LIOLAT COYN.
  3023 | D:4      | 3023 ||| READING 4 scrolls labelled OVI WOUL LOGG.
  3027 | D:4      | 3027 ||| READING 2 scrolls labelled FUPSAU WAET.
  3028 | D:4      | 3028 ||| READING scroll labelled LAIQYG UWYD.
  3029 | D:4      | 3029 ||| DRINKING 3 red potions.
  3030 | D:4      | 3030 ||| DRINKING 2 fuming yellow potions.
  3031 | D:4      | 3031 ||| DROPPING scroll of torment.
  3032 | D:4      | 3032 ||| DROPPING scroll of noise.
  3221 | D:3      | 3221 ||| READING scroll labelled QOUDU QEACACHU.
  3322 | D:3      | 3322 ||| DRINKING 2 purple potions.
  3420 | D:4      | Reached skill level 6 in Ranged Weapons
  3862 | D:4      | 3862 ||| READING scroll labelled JENAETR DOUNI.
  3863 | D:4      | 3863 ||| DRINKING 2 ruby potions.
  3875 | D:5      | Entered Level 5 of the Dungeon
  3981 | D:5      | Reached XP level 7. HP: 34/43 MP: 8/8
  4210 | D:5      | Reached skill level 7 in Ranged Weapons
  4270 | D:5      | Noticed Grinder
  4292 | D:5      | HP: 8/43 [gnoll bouda/+0 club (5)]
  4293 | D:5      | 4293 ||| READING 4 scrolls of teleportation.
  4293 | D:5      | HP: 1/43 [Grinder (7)]
  4293 | D:5      | Slain by a gnoll bouda

Levels and vault maps discovered:
D:1:      roderic_chinese_lattice_arrival, layout_basic,
          dilly_ecumenical_altar_fadedgnrine, nrook_campfire, minivault_25
D:2:      layout_loops_cross, basic_altar
D:3:      layout_loops_corners, grunt_temple_overflow_open,
          gup_sewer_entry_bowl, biasface_ghost_orc_armoury, uniq_robin
D:4:      layout_loops_corners, small_statue_alley_b
D:5:      layout_loops_corners, chequers_temple_overflow_statue_of_worship,
          serial_shops, nicolae_shop_back_alley_shop, uniq_pikel, uniq_edmund,
          uniq_grinder, uniq_blork_the_orc

Skill      XL: |  1  2  3  4  5  6  7 |
---------------+----------------------+-----
Ranged Weapons | 3 4 5 6 7 |  7.0
Fighting       | 2 3 4 |  4.0
Armour         | 1 |  1.2
Dodging        | |  1.5
Spellcasting   | |  1.0
Hexes          | |  2.6

Action                     |  1- 3 |  4- 6 |  7- 9 || total
---------------------------+-------+-------+-------++-------
   Fire: Sling             |   143 |   295 |    54 ||   492
    Use: Scroll            |     2 |     7 |     1 ||    10
         Potion            |       |     4 |       ||     4
 Armour: Robe              |    10 |       |       ||    10
         Ring mail         |    28 |   116 |    17 ||   161
  Dodge: Dodged            |    46 |   103 |    20 ||   169

Table legend:
 A = Non-vault XP
 B = Vault XP
 C = Vault XP percentage of total XP
 D = Non-vault monster count
 E = Vault monster count
 F = Vault count percentage of total count
                 A         B        C        D         E       F
            +---------+---------+-------+---------+---------+-------
      Total |     812 |      55 |   6.3 |      84 |      16 |  16.0
            +---------+---------+-------+---------+---------+-------
        D:1 |      30 |       0 |   0.0 |      15 |       0 |   0.0
        D:2 |      55 |       0 |   0.0 |      18 |       0 |   0.0
        D:3 |     121 |      55 |  31.2 |      21 |      16 |  43.2
        D:4 |     269 |       0 |   0.0 |      24 |       0 |   0.0
        D:5 |     337 |       0 |   0.0 |       6 |       0 |   0.0
            +---------+---------+-------+---------+---------+-------
